 Dungeon Crawl Stone Soup version 0.31-a0-271-gb88eb75e06 (webtiles) character file.

Game seed: 3704205036673186405

14660 HallandMoats the Fighter (level 11, 0/93 HPs)
             Began as a Demonspawn Fighter on July 15, 2023.
             Was a High Priest of Qazlal.
             Slain by a vampire mosquito (10 damage)
             ... on level 11 of the Dungeon.
             The game lasted 00:21:53 (12030 turns).

HallandMoats the Fighter (Demonspawn Fighter)      Turns: 12030, Time: 00:21:53

Health: 0/93       AC: 11    Str: 20    XL:     11   Next: 91%
Magic:  16/16      EV: 12    Int:  9    God:    Qazlal [*****.]
Gold:   459        SH:  0    Dex: 14    Spells: 10/10 levels left

rFire   . . .        b - +0 broad axe
rCold   . . .        c - +1 buckler
rNeg    . . .        p - +0 acid dragon scales
rPois   .            A - +0 helmet
rElec   .            z - +0 cloak
rCorr   +            (no gloves)
SInv    .            (no boots)
Will    +....        (no amulet) Stlth
                     n - +4 ring of slaying
HPRegen 0.35/turn    k - ring of willpower
MPRegen 0.15/turn

%: repel missiles
@: confused, lethally poisoned (0 -> -10), ambrosia-drunk
A: claws 1, thin metallic scales 1, condensation shield, demonic magic 2
a: Renounce Religion, Upheaval, Elemental Force, Disaster Area


You were on level 11 of the Dungeon.
You worshipped Qazlal.
Qazlal was extremely pleased with you.
You visited 2 branches of the dungeon, and saw 12 of its levels.
You also visited: Sewer and Bailey.

You collected 653 gold pieces.
You spent 194 gold pieces at shops.

Inventory:

Hand Weapons
 b - a +0 broad axe (weapon)
Missiles
 y - a throwing net
Armour
 c - a +1 buckler (worn)
 m - a +0 troll leather armour
 p - +0 acid dragon scales (worn)
 z - a +0 cloak (worn)
 A - a +0 helmet (worn)
 E - +2 storm dragon scales
Magical Staves
 G - a staff of poison
Jewellery
 i - a ring of magical power
 k - a ring of willpower (right claw)
 n - a +4 ring of slaying (left claw)
 r - a ring of flight
 w - a ring of protection from cold
 D - a ring of protection from cold
 F - an amulet of regeneration
Wands
 o - a wand of digging (11)
 t - a wand of flame (24)
 u - a wand of paralysis (26)
 x - a wand of acid (15)
Scrolls
 e - 7 scrolls of teleportation
 g - a scroll of fog
 j - a scroll of revelation
 l - 7 scrolls of identify
 B - a scroll of blinking
 C - 4 scrolls of poison
 H - a scroll of brand weapon {unknown}
 I - a scroll of amnesia {unknown}
Potions
 a - a potion of might
 d - a potion of brilliance {unknown}
 f - 8 potions of ambrosia
 h - 2 potions of mutation {unknown}
 q - 3 potions of enlightenment
 s - 2 potions of attraction {unknown}
 v - a potion of haste
 J - a potion of degeneration {unknown}


   Skills:
 * Level 11.3 Fighting
 + Level 9.1 Axes
 + Level 5.2 Armour
 + Level 4.2 Dodging
 - Level 6.0 Shields
 * Level 6.5 Unarmed Combat
 + Level 7.9 Invocations


You had 10 spell levels left.
You didn't know any spells.
Your spell library contained the following spells:

 Spells                   Type           Power      Damage    Failure   Level
 Sublimation of Blood     Necr           0%         N/A       67%         2
 Wereblood                Tmut           0%         N/A       67%         2
 Stone Arrow              Conj/Erth      0%         3d7       88%         3
 Animate Armour           Summ/Erth      0%         N/A       99%         4
 Haunt                    Necr/Summ      0%         N/A       100%        7
 Malign Gateway           Summ/Tloc      0%         N/A       100%        7
 Summon Hydra             Summ           0%         N/A       100%        7
 Borgnjor's Revivificati  Necr           0%         N/A       100%        8
 Lehudib's Crystal Spear  Conj/Erth      0%         10d2      100%        8
 Summon Horrible Things   Summ           0%         N/A       100%        8
 Death's Door             Necr           0%         N/A       100%        9


Dungeon Overview and Level Annotations

Branches:
Dungeon (11/15)            Temple (1/1) D:5            Lair (0/5) D:10
    Orc (0/2) D:9           Sewer (visited)          Bailey (visited)

Altars:
Ashenzari
Cheibriados
Dithmenos
Fedhas
Gozag
Hepliaklqana
Kikubaaqudgha
Makhleb
Nemelex Xobeh
Okawaru
Qazlal
Ru
Sif Muna
Trog
Uskayaw
Vehumet
Wu Jian
Xom
Yredelemnul

Shops:
D:4 :   D:5 !   D:7 *


Innate Abilities, Weirdness & Mutations

You have sharp fingernails.
You are partially covered in thin metallic scales. (AC +2)
A meltable shield of frost defends you. (SH +4)
Spells you cast may paralyse nearby enemies.


Message History

The vampire mosquito is engulfed in blazing flames.
The vampire mosquito bites you but does no damage.
The vampire mosquito is engulfed in freezing vapours.
The vampire mosquito bites you but does no damage.
The hornet is engulfed in blazing flames.
You kill the hornet!
Qazlal accepts your kill. The vampire mosquito bites you.
* * * LOW HITPOINT WARNING * * *
The vampire mosquito draws strength from your injuries!
The vampire mosquito is engulfed in blazing flames.
The vampire mosquito is engulfed in freezing vapours.
The vampire mosquito bites you but does no damage.
You can move again.
Unknown command.
Unknown command.
Unknown command.
Unknown command.
You are confused.
You feel invigorated.
You feel very sick. The vampire mosquito barely misses you.
The vampire mosquito completely misses you.
The vampire mosquito is engulfed in freezing vapours.
You destroy the vampire mosquito!
Qazlal accepts your kill. The vampire mosquito bites you!
* * * LOW HITPOINT WARNING * * *
The vampire mosquito draws strength from your injuries!
The vampire mosquito barely misses you.
Unknown command.
The vampire mosquito attacks as you move away!
The vampire mosquito bites you but does no damage.
* * * LOW HITPOINT WARNING * * *
You feel very sick. The vampire mosquito bites you.
* * * LOW HITPOINT WARNING * * *
The vampire mosquito draws strength from your injuries!
The vampire mosquito bites you!
You die...

#......#
#......#
#......# .
#<.....# ..
#......# ...
#......##....
#...°.☼......
#.###yy....#
#.# #@y....#
#.# #°.○...#
..# #......#
.. #......#
#......#
#=.....#
#......#
#......#


You could see 3 vampire mosquitoes.

Vanquished Creatures
  A centaur warrior (D:10)
  A two-headed ogre (D:10)
  Pikel (D:5)
  An ugly thing (D:10)
  2 gargoyles (D:10)
  Joseph (D:10)
  A komodo dragon (D:10)
  2 unseen horrors (D:10)
  A queen bee (D:9)
  5 hornets
  3 trolls (D:10)
  Grinder (D:3)
  Prince Ribbit (D:7)
  Sigmund (D:5)
  A slime creature (D:8)
  2 wraiths (D:10)
  3 wyverns
  3 yaks (D:8)
  2 vampire mosquitoes
  3 steam dragons
  Edmund (Temple)
  4 acid dragons
  A water moccasin (D:7)
  2 sky beasts (D:8)
  11 orc warriors
  4 black bears
  2 ogres
  5 centaurs
  A lemure (D:5)
  A kobold brigand (D:10)
  Blork the orc (D:4)
  3 gnoll sergeants
  5 bullfrogs
  8 wights
  28 killer bees
  4 howler monkeys
  4 hounds
  4 orc priests
  2 iguanas
  4 jellies
  3 sleepcaps
  Jessica (D:3)
  Ijyb (D:3)
  9 orc wizards
  2 hell rats (D:8)
  26 gnolls
  9 adders
  13 river rats
  A shadow imp (D:7)
  2 white imps
  An ufetubus (D:6)
  2 worms
  3 dart slugs
  47 orcs
  9 ball pythons
  6 bats
  5 endoplasms
  4 giant cockroaches
  14 goblins
  8 hobgoblins
  8 jackals
  6 kobolds
  10 quokkas
  9 frilled lizards
  29 rats
359 creatures vanquished.

Notes
Turn   | Place    | Note
-------+----------+-------------------------------------------
     0 | D:1      | HallandMoats the Demonspawn Fighter began the quest for the
                  | Orb.
     0 | D:1      | Reached XP level 1. HP: 18/18 MP: 1/1
    36 | D:1      | Gained mutation: A meltable shield of frost defends you.
                  | (SH +4) [demonic ancestry]
    36 | D:1      | Reached XP level 2. HP: 19/24 MP: 2/2
   182 | D:1      | Found a faded altar of an unknown god.
   212 | D:1      | Gained mutation: You are partially covered in thin metallic
                  | scales. (AC +2) [demonic ancestry]
   212 | D:1      | Reached XP level 3. HP: 27/29 MP: 3/3
   909 | D:2      | Reached XP level 4. HP: 23/37 MP: 4/4
  1068 | D:2      | Identified the +1 leather armour "Weaqig" {Harm rN++ rCorr
                  | Int-2}
  1391 | D:3      | Reached skill level 4 in Fighting
  1394 | D:3      | Noticed Grinder
  1419 | D:3      | Killed Grinder
  1420 | D:3      | Reached XP level 5. HP: 9/43 MP: 5/5
  1420 | D:3      | Reached XP level 6. HP: 11/50 MP: 6/6
  1644 | D:3      | Reached skill level 5 in Fighting
  1808 | D:3      | Found a glowing drain.
  1819 | Sewer    | Entered a sewer
  2328 | D:3      | Noticed Jessica
  2335 | D:3      | Killed Jessica
  2719 | D:3      | Gained mutation: Spells you cast may paralyse adjacent
                  | enemies. [demonic ancestry]
  2719 | D:3      | Reached XP level 7. HP: 46/56 MP: 7/7
  2915 | D:3      | Noticed Ijyb
  2920 | D:3      | Killed Ijyb
  3075 | D:4      | Noticed Blork the orc
  3084 | D:4      | Killed Blork the orc
  3149 | D:4      | Found Aghali Meguy's Book Shoppe.
  3736 | D:5      | Entered Level 5 of the Dungeon
  3736 | D:5      | Found Jaewohuc's Distillery.
  3739 | D:5      | Bought a potion of heal wounds for 50 gold pieces
  3739 | D:5      | Bought a potion of haste for 100 gold pieces
  3804 | D:5      | Noticed Pikel
  3831 | D:5      | Killed Pikel
  3832 | D:5      | Reached skill level 6 in Fighting
  3832 | D:5      | Reached skill level 5 in Axes
  3832 | D:5      | Gained mutation: Spells you cast may paralyse nearby
                  | enemies. [demonic ancestry]
  3832 | D:5      | Reached XP level 8. HP: 38/65 MP: 8/8
  4037 | D:5      | Found a staircase to the Ecumenical Temple.
  4046 | Temple   | Entered the Ecumenical Temple
  4357 | Temple   | Became a worshipper of Qazlal Stormbringer
  4387 | D:5      | Reached skill level 7 in Fighting
  4387 | D:5      | Reached skill level 1 in Invocations
  4452 | D:5      | Noticed Edmund
  4573 | Temple   | HP: 2/67 [Edmund/+6 dire flail of protection (11)]
  4580 | Temple   | Killed Edmund
  4581 | Temple   | Reached skill level 5 in Shields
  5050 | D:5      | Noticed Sigmund
  5061 | D:5      | Killed Sigmund
  5423 | D:6      | Gained mutation: You have sharp fingernails. [demonic
                  | ancestry]
  5423 | D:6      | Reached XP level 9. HP: 63/74 MP: 11/11
  5533 | D:6      | Reached skill level 8 in Fighting
  5545 | D:6      | Reached * piety under Qazlal
  5945 | D:6      | Found an opulent altar of Gozag.
  6651 | D:7      | Noticed Prince Ribbit
  6677 | D:7      | Killed Prince Ribbit
  6677 | D:7      | Reached ** piety under Qazlal
  6678 | D:7      | Reached skill level 1 in Unarmed Combat
  6892 | D:7      | Reached skill level 9 in Fighting
  6892 | D:7      | Reached skill level 5 in Invocations
  6989 | D:7      | Found Duodyof's Mayhem Merchandise.
  6997 | D:7      | Bought a +0 broad axe for 44 gold pieces
  7204 | D:8      | Reached XP level 10. HP: 78/83 MP: 13/13
  7208 | D:8      | Reached skill level 1 in Dodging
  7323 | D:8      | Found a flagged portal.
  7371 | Bailey   | Entered a bailey
  7863 | Bailey   | Identified the +0 pair of gloves of Xom's Brutal Revenge
                  | {Harm rF+}
  8272 | D:8      | Reached *** piety under Qazlal
  9305 | D:9      | Reached **** piety under Qazlal
  9496 | D:9      | Reached skill level 10 in Fighting
  9853 | D:9      | Reached XP level 11. HP: 44/91 MP: 15/15
  9905 | D:9      | Reached ***** piety under Qazlal
 10183 | D:9      | Found a staircase to the Orcish Mines.
 10280 | D:9      | Reached skill level 5 in Unarmed Combat
 10521 | D:10     | Entered Level 10 of the Dungeon
 10523 | D:10     | Noticed a centaur warrior
 10529 | D:10     | Killed a centaur warrior
 10772 | D:10     | Noticed a white ugly thing
 10785 | D:10     | Killed a white ugly thing
 10852 | D:10     | Noticed Joseph
 11412 | D:10     | Noticed a two-headed ogre
 11419 | D:10     | Killed a two-headed ogre
 11457 | D:10     | Reached skill level 11 in Fighting
 11461 | D:10     | Paralysed by a hornet for 3 turns
 11466 | D:10     | Reached skill level 5 in Armour
 11647 | D:10     | Killed Joseph
 11786 | D:10     | Found a staircase to the Lair.
 12024 | D:11     | Paralysed by a hornet for 1 turns
 12027 | D:11     | Paralysed by a hornet for 2 turns
 12030 | D:11     | Slain by a vampire mosquito

Illustrated notes

Levels and vault maps discovered:
D:1:      amcnicky_arrival_single_pillar, layout_rooms,
          nicolae_ecumenical_lake_church
D:2:      layout_basic
D:3:      layout_loops_ring, gup_sewer_entry_bubbles, hex_medium,
          minmay_misc_feat_pillars, uniq_ijyb, uniq_grinder, uniq_jessica
D:4:      layout_cave_pools, serial_shops, nicolae_shop_hallway_plus,
          serial_column_ruins, column_ruins_hut, column_ruins_hut,
          column_ruins_open_small_water, column_ruins_corridor_dead_end,
          column_ruins_columns_straight, column_ruins_grid_1,
          column_ruins_open_medium_water, uniq_blork_the_orc
D:5:      layout_loops_ring, minmay_temple_entry_arrows, serial_shops,
          nicolae_stop_n_shop_2, uniq_sigmund, uniq_edmund, uniq_pikel
D:6:      layout_basic, mainiacjoe_overflow_paths
D:7:      layout_rooms, minmay_shop_mayhem, minmay_circle_x, uniq_prince_ribbit1
D:8:      lemuel_ratsnest, layout_basic, lightli_bailey_entry_fortress
D:9:      layout_roguey [special_room_bee], orc_0_dummy
D:10:     minmay_s_stair_smasher, layout_rooms, grunt_lair_entry_orc_guard_hut,
          uniq_joseph
D:11:     cheibrodos_helix_gallery, layout_long_grid, ebering_ghost_gozag
Temple:   mainiacjoe_temple_circle_huts

Skill      XL: |  1  2  3  4  5  6  7  8  9 10 11 |
---------------+----------------------------------+-----
Axes           | 2 3 4 5 6 7 8 9 |  9.1
Shields        | 3 4 5 6 |  6.0
Fighting       | 4 5 6 7 9 10 11 | 11.3
Invocations    | 3 5 6 7 |  7.9
Unarmed Combat | 2 4 6 |  6.5
Armour         | 3 4 5 |  5.2
Dodging        | 2 4 |  4.2

Action                     |  1- 3 |  4- 6 |  7- 9 | 10-12 || total
---------------------------+-------+-------+-------+-------++-------
  Melee: War axe           |   150 |   139 |   267 |       ||   556
         Unarmed           |       |       |    48 |    62 ||   110
         Broad axe         |       |       |    26 |   463 ||   489
    Use: Scroll            |       |       |     9 |     1 ||    10
         Potion            |       |       |     5 |     7 ||    12
 Armour: Scale mail        |    80 |     2 |       |       ||    82
         Leather armour    |       |    34 |   112 |    93 ||   239
         Acid dragon scale |       |       |       |    27 ||    27
         Troll leather arm |       |       |       |    14 ||    14
         Storm dragon scal |       |       |       |     7 ||     7
  Dodge: Dodged            |    71 |    63 |   124 |   175 ||   433
         Repelled          |       |       |       |     2 ||     2
  Block: Buckler           |    78 |    53 |   219 |   413 ||   763

Table legend: (Time is in decaauts)
 A = Elapsed time spent in this place.
 B = Non-inter-level travel time spent in this place.
 C = Inter-level travel time spent in this place.
 D = Time resting spent in this place.
 E = Time spent auto-exploring this place.
 F = Levels seen in this place.
 G = Mean time per level.
                   A        B        C        D        E       F      G
               +--------+--------+--------+--------+--------+-----+--------+
         Total |  12367 |  12168 |    199 |   2839 |   5979 |  14 |  883.4 |
       Dungeon |  10221 |  10060 |    161 |   2149 |   5356 |  11 |  929.2 |
        Temple |    795 |    757 |     38 |    388 |    250 |   1 |  795.0 |
         Sewer |    499 |    499 |      0 |      0 |    227 |   1 |  499.0 |
        Bailey |    851 |    851 |      0 |    302 |    146 |   1 |  851.0 |
               +--------+--------+--------+--------+--------+-----+--------+

Top non-repeatable levels by time:
    D:10: 1514 daAuts
     D:8: 1318 daAuts
     D:3: 1245 daAuts
     D:9: 1242 daAuts
     D:6: 910 daAuts
     D:5: 909 daAuts
     D:7: 881 daAuts
  Bailey: 851 daAuts
     D:2: 809 daAuts
  Temple: 795 daAuts
     D:4: 744 daAuts
     D:1: 628 daAuts
   Sewer: 499 daAuts
    D:11: 13 daAuts
